 Dungeon Crawl Stone Soup version 0.23-a0-643-g9ccc95a (webtiles) character file.

117 MalarOregon the Poker (level 5, -3/42 HPs)
             Began as a Merfolk Gladiator on Jan 1, 2019.
             Killed by nerve-wracking pain
             ... invoked by an orc priest
              (4 damage)
             ... on level 2 of the Dungeon.
             The game lasted 00:03:05 (2124 turns).

MalarOregon the Poker (Merfolk Gladiator)           Turns: 2124, Time: 00:03:06

Health: -3/42      AC:  4    Str: 14    XL:     5   Next: 1%
Magic:  5/5        EV: 14    Int:  9    God:
Gold:   114        SH:  0    Dex: 18    Spells: 4/4 levels left

rFire    . . .     SeeInvis .   p - +0 halberd
rCold    . . .     Gourm    .   (shield currently unavailable)
rNeg     . . .     Faith    .   b - +0 leather armour
rPois    .         Spirit   .   c - +0 helmet
rElec    .         Reflect  .   (no cloak)
rCorr    .         Harm     .   (no gloves)
MR       .....                  (no boots)
Stlth    +.........             (no amulet)
HPRegen  0.14/turn              m - +3 ring of dexterity
MPRegen  0.09/turn              (no ring)

@: no status effects
A: change form in water, swift swim, stealthy swim
a: no special abilities


You were on level 2 of the Dungeon.
You were not hungry.

You visited 1 branch of the dungeon, and saw 3 of its levels.

You collected 114 gold pieces.

Inventory:

Hand Weapons
 a - a +0 trident
 p - a +0 halberd (weapon)
   (You took it off a gnoll on level 2 of the Dungeon)
Missiles
 d - 3 throwing nets (quivered) {!f}
 k - 3 needles of sleeping
Armour
 b - a +0 leather armour (worn)
 c - a +0 helmet (worn)
Jewellery
 m - a +3 ring of dexterity (left hand)
   (You found it on level 2 of the Dungeon)
Scrolls
 f - a scroll of amnesia {unknown}
 i - a scroll of magic mapping {unknown}
 j - 2 scrolls of identify {unknown}
 l - 4 scrolls of teleportation {unknown}
 n - a scroll of random uselessness {unknown}
Potions
 g - a potion of lignification {unknown}
 h - a potion of heal wounds {unknown}
Comestibles
 e - 5 rations {!d}
 o - 6 chunks of flesh


   Skills:
 + Level 4.1 Fighting
 + Level 6.4 Polearms
 - Level 2.0 Throwing
 - Level 4.0 Dodging


You had 4 spell levels left.
You didn't know any spells.
Your spell library was empty.

Dungeon Overview and Level Annotations

Branches:
Dungeon (3/15)

Altars:


Message History

o - 6 chunks of flesh (gained 3)
Items here: )) [ รท a +0 short sword; a cursed +0 leather armour; a cursed +0 whip; an orc skeleton
There is a stone staircase leading down, spattered with blood here.
You see here a quokka skeleton.
Things that are here:
a +0 leather armour; a +0 flail; an orc skeleton There isn't anything to butcher here.
There is a stone staircase leading down, spattered with blood here.
You see here a quokka skeleton.
You start resting.
You climb downwards.
A goblin comes into view. It is wielding a +0 dagger.
The goblin shouts!
The bat hits you but does no damage. The bat barely misses you.
The worm misses you.
There is a stone staircase leading up here.
The bat closely misses you.
The orc priest mumbles some strange prayers to Beogh against you.
You barely resist. The bat closely misses you.
You climb upwards.
There is a stone staircase leading down, spattered with blood here.
You see here a quokka skeleton.
Your leather armour prevents you from hitting the orc priest.
The orc priest misses you. The worm closely misses you.
You barely miss the orc priest. The orc priest hits you. The worm bites you.
You closely miss the orc priest. The orc priest closely misses you.
The orc priest mumbles some strange prayers to Beogh against you.
Beogh smites you! The worm bites you.
* * * LOW HITPOINT WARNING * * *
You closely miss the orc priest. The orc priest hits you.
* * * LOW HITPOINT WARNING * * *
You completely miss the orc priest.
The orc priest hits you but does no damage.
The worm closely misses you.
You barely miss the orc priest. The orc priest hits you.
* * * LOW HITPOINT WARNING * * *
The worm misses you.
You slash the orc priest! The orc priest barely misses you.
You hit the orc priest. The orc priest barely misses you. The worm misses you.
The orc priest hits you.
* * * LOW HITPOINT WARNING * * *
You closely miss the orc priest. The worm bites you!
* * * LOW HITPOINT WARNING * * *
The orc priest hits you.
* * * LOW HITPOINT WARNING * * *
You barely miss the orc priest.
The orc priest mumbles some strange prayers to Beogh against you.
Pain shoots through your body!
You die...

#.....###.# ###...
#.......#.# #.....
#.......#.# #.....
#.......#.# #.....
#.....###.# ###...
#.........# ###'
#......#### #.
####+#.#############.
#..w@o...............
#.##+#+########...##.
#.............'...+..
###.......#####...##.
#.......# #...+..
#.......# #...#..
#.......#####...#..
#..................
########...........


You could see a worm and an orc priest.

Vanquished Creatures
  2 gnolls (D:2)
  3 adders (D:2)
  An ooze (D:2)
  2 worms (D:2)
  A dart slug (D:2)
  2 leopard geckos
  3 orcs (D:2)
  2 giant cockroaches
  3 goblins
  5 hobgoblins
  9 jackals
  7 kobolds
  3 quokkas (D:2)
  2 bats (D:2)
  4 frilled lizards
  5 rats
54 creatures vanquished.

Notes
Turn   | Place    | Note
-------+----------+-------------------------------------------
     0 | D:1      | MalarOregon the Merfolk Gladiator began the quest for the
                  | Orb.
     0 | D:1      | Reached XP level 1. HP: 16/16 MP: 1/1
    43 | D:1      | Reached XP level 2. HP: 16/23 MP: 2/2
   149 | D:1      | Reached skill level 5 in Polearms
   790 | D:2      | Reached XP level 3. HP: 19/29 MP: 3/3
   919 | D:2      | Reached XP level 4. HP: 27/35 MP: 4/4
  1484 | D:2      | Reached skill level 6 in Polearms
  2088 | D:2      | Reached XP level 5. HP: 40/42 MP: 5/5
  2123 | D:2      | HP: 1/42 [orc priest (3)]
  2124 | D:2      | Killed from afar by an orc priest

Vault maps used:
D:1:      lightli_arrival_quake

Skill      XL: |  1  2  3  4 |
---------------+-------------+-----
Polearms       | 5 6 |  6.4
Fighting       | 3 4 |  4.1
Throwing       | |  2.0
Dodging        | |  4.0

Action                   |  1- 3 |  4- 6 || total
-------------------------+-------+-------++-------
Melee: Trident           |   105 |    42 ||   147
       Halberd           |       |    50 ||    50
 Stab: Sleeping          |     2 |     1 ||     3
  Eat: Chunk             |       |     4 ||     4
Armor: Leather armour    |    18 |    28 ||    46
Dodge: Dodged            |    59 |   112 ||   171

Table legend:
 A = Non-vault XP
 B = Vault XP
 C = Vault XP percentage of total XP
 D = Non-vault monster count
 E = Vault monster count
 F = Vault count percentage of total count
                 A         B        C        D         E       F
            +---------+---------+-------+---------+---------+-------
      Total |     168 |       0 |   0.0 |      54 |       0 |   0.0
            +---------+---------+-------+---------+---------+-------
        D:1 |      31 |       0 |   0.0 |      18 |       0 |   0.0
        D:2 |     137 |       0 |   0.0 |      36 |       0 |   0.0
            +---------+---------+-------+---------+---------+-------
